 Dungeon Crawl Stone Soup version 0.17-a0-1920-gafa4d75 (webtiles) character file.

116769 MikeDS the Severer (level 16, -1/155 HPs)
             Began as a Hill Orc Fighter on Sept 26, 2015.
             Was the Champion of the Shining One.
             Slain by a harpy (3 damage)
             ... on level 2 of the Shoals on Sept 27, 2015.
             The game lasted 04:52:38 (45638 turns).

MikeDS the Severer (Hill Orc Fighter)              Turns: 45638, Time: 04:52:38

Health: -1/155     AC: 19    Str: 28    XL:     16   Next: 72%
Magic:  16/24      EV: 10    Int: 10    God:    the Shining One [******]
Gold:   363        SH: 10    Dex: 11    Spells: 3 memorised, 20 levels left

rFire  . . .     SeeInvis .     a - +1 battleaxe
rCold  . . .     Clarity  +     S - +0 scale mail {MR+}
rNeg   + + +     SustAt   .     (no shield)
rPois  .         Gourm    .     (no helmet)
rElec  .         Spirit   .     T - +2 cloak
rCorr  .         Warding  .     I - +2 pair of gloves
rMut   .         Stasis   .     l - +0 pair of boots
MR     ++...                    O - amulet of clarity
Stlth  ..........               r - +1 ring of protection
                                U - +5 ring of strength

@: divine shield, about to teleport, glowing, very resistant to hostile
enchantments, extremely unstealthy
A: no striking features
a: Divine Shield, Cleansing Flame, Summon Divine Warrior, Brand Weapon With Holy
Wrath, Renounce Religion


You were on level 2 of the Shoals.
You worshipped the Shining One.
The Shining One was exalted by your worship.
You were not hungry.

You visited 5 branches of the dungeon, and saw 26 of its levels.
You visited 1 bazaar.
You also visited: Labyrinth and Sewer.

You collected 2897 gold pieces.
You spent 2534 gold pieces at shops.

Inventory:

Hand weapons
 a - a +1 battleaxe (weapon)
 b - a +0 shortbow
 n - a +2 antimagic mace
 G - the +1 whip "Hynut" {freeze, rC+ Str-3 Int+4 Stlth+}
   (You found it on level 8 of the Lair of Beasts)

   It has been specially enchanted to freeze those struck by it, causing extra
   injury to most foes and up to half again as much damage against particularly
   susceptible opponents.
   It can also slow down cold-blooded creatures.
   It affects your strength (-3).
   It affects your intelligence (+4).
   It protects you from cold.
   It makes you more stealthy.
 M - a +2 morningstar of freezing
Missiles
 H - 212 arrows
Armour
 k - the +3 plate armour of Guttocs {rF+ rCorr Str-4}
   (You found it in a labyrinth)

   It affects your strength (-4).
   It protects you from fire.
   It protects you from acid and corrosion.
 l - a +0 pair of boots (worn)
 I - a +2 pair of gloves (worn)
 K - a +2 chain mail of cold resistance
 S - a +0 scale mail of magic resistance (worn)
 T - a +2 cloak (worn)
Jewellery
 d - an uncursed ring of stealth
 h - an uncursed amulet of resist mutation
 q - the brooch of Shielding {Ward rN+ AC+4 EV+4}
   (You bought it in a shop in a bazaar)

   [amulet of warding]

   It may prevent the melee attacks of summoned creatures.
   It affects your AC (+4).
   It affects your evasion (+4).
   It protects you from negative energy.
 r - a +1 ring of protection (right hand)
 w - an uncursed amulet of guardian spirit
 y - an uncursed ring of wizardry
 F - an uncursed ring of sustain attributes
 O - an amulet of clarity (around neck)
 U - a +5 ring of strength (left hand)
Magical devices
 i - a wand of paralysis (9)
 x - a wand of fire (0)
 B - a wand of enslavement (10)
 E - a wand of fireball (4)
 L - a wand of disintegration (10)
 R - a wand of cold (6)
Scrolls
 c - a scroll of recharging {unknown}
 f - 5 scrolls of teleportation
 j - 3 scrolls of magic mapping
 o - 4 scrolls of fog
 u - 2 scrolls of blinking
 v - 5 scrolls of remove curse
 z - 2 scrolls of fear
 V - a scroll of acquirement {unknown}
 X - a scroll of holy word
Potions
 g - a potion of cancellation
 m - 5 potions of brilliance
 p - 3 potions of flight
 s - 11 potions of curing
 t - 2 potions of haste
 D - 2 potions of resistance
 P - 5 potions of agility
 Q - 3 potions of might
 W - a potion of heal wounds
 Z - 3 potions of cure mutation
Books
 J - a book of Conjurations

   Spells                             Type                      Level
   a - Magic Dart                     Conjuration                  1
   b - Searing Ray                    Conjuration                  2
   c - Dazzling Spray                 Conjuration/Hexes            3
   d - Fulminant Prism                Conjuration/Hexes            4
   e - Iskenderun's Mystic Blast      Conjuration                  4
   f - Iskenderun's Battlesphere      Conjuration/Charms           5
Miscellaneous
 N - an ornate deck of wonders {Dowsing}
Comestibles
 e - 7 bread rations
 A - a royal jelly
 C - 11 chunks of flesh
 Y - 6 slices of pizza


   Skills:
 + Level 17.5 Fighting
 + Level 19.1(19.6) Axes
 - Level 6.6(12.7) Maces & Flails
 + Level 6.5 Bows
 - Level 0.8 Throwing
 + Level 13.5 Armour
 - Level 1.7 Stealth
   Level 4.1 Shields
 - Level 4.9 Spellcasting
 + Level 5.5 Conjurations
 - Level 0.2 Summonings
 + Level 11.6 Invocations
 + Level 3.3 Evocations


You had 20 spell levels left.
You knew the following spells:

 Your Spells              Type           Power        Failure   Level  Hunger
a - Summon Small Mammal   Summ           #...         45%         1    #......
b - Magic Dart            Conj           ##..         6%          1    #......
c - Searing Ray           Conj           ##....       10%         2    ##.....


Dungeon Overview and Level Annotations

Branches:
Dungeon (11/15)            Temple (0/1) D:5            Lair (8/8) D:10
 Shoals (2/4) Lair:6       Spider (0/4) Lair:6          Orc (4/4) D:9
    Elf (1/3) Orc:3
  Slime: Lair:6-8

Altars:
Elyvilon
Fedhas
Kikubaaqudgha
Okawaru
Ru
Yredelemnul
The Shining One
Beogh

Shops:
D:5 !   D:6 [   D:9 [   Orc:4 =((*

Annotations:
D:8 Gastronok
Lair:6 exclusion: oklob plant


Message History

The harpy claws you but does no damage. x2
Drink which item? (? for menu, Esc to quit)
You feel much better. The harpy claws you but does no damage.
The harpy claws you.
* * * LOW HITPOINT WARNING * * *
The harpy claws you.
* * * LOW HITPOINT WARNING * * *
The harpy closely misses you. The harpy claws you but does no damage.
The harpy claws you!
* * * LOW HITPOINT WARNING * * *
The harpy claws you!
* * * LOW HITPOINT WARNING * * *
The harpy closely misses you. The sea snake bites you!
* * * LOW HITPOINT WARNING * * *
You are too injured to fight recklessly!
Use which ability?
A divine shield forms around you!
You feel slightly more hungry.
The harpy screeches!
The harpy claws you.
You die...

..≈≈≈≈≈≈≈≈≈≈≈... ≈≈≈≈≈≈
#...≈≈≈≈≈≈≈≈≈.# ≈≈≈≈≈≈
#....≈≈≈≈≈≈≈≈≈.# .≈≈≈≈≈
#....≈≈≈≈≈≈≈≈..# ##.≈≈≈≈≈
#...≈≈≈≈≈≈≈÷..###..≈≈≈≈≈
#..≈≈≈≈.≈.###..(((≈≈≈≈≈≈ .##
#...≈≈H≈..# #....≈≈≈≈≈≈≈
...#....≈≈≈≈H## #..(..≈≈≈≈≈≈
PP...###.HS@#####.####.≈≈≈≈≈
≈≈≈≈.##....####..(# .≈≈≈≈≈
≈≈≈≈[....H## #((### .≈≈≈≈≈
..≈≈≈≈≈≈≈≈≈≈..## #### ≈≈≈≈≈≈
.P≈≈P≈≈≈≈≈≈≈.## ≈≈≈≈≈≈
..≈PP≈≈≈≈≈≈≈≈.#
..PP≈≈≈≈≈≈≈≈≈.#
..PP≈≈≈≈≈≈≈≈≈≈.
..≈≈≈≈≈≈≈≈≈≈≈≈≈≈


You could see a sea snake and 4 harpies.

Vanquished Creatures
  Saint Roka (Orc:4)
  Kirke (Lair:4)
  A stone giant (Orc:4)
  A merfolk impaler (Shoals:2)
  An ettin (Orc:4)
  3 hydras
  An ice dragon (Lair:7)
  A merfolk avatar (Shoals:1)
  An alligator snapping turtle (Shoals:2)
  An ogre mage (Orc:4)
  17 death yaks
  Urug (D:10)
  7 orc high priests (Orc:4)
  Nergalle (Orc:2)
  3 sea snakes
  9 griffons
  2 cyclopes (Shoals:2)
  3 orc knights
  6 orc sorcerers (Orc:4)
  The ghost of Loris the Quickloader, an experienced HuHu of Okawaru (D:4)
  22 elephants
  7 fauns
  2 sirens
  7 black mambas
  3 manticores
  29 spiny frogs
  A torpor snail (Lair:4)
  13 komodo dragons
  A fire drake (Lair:3)
  A wind drake (Shoals:2)
  A polar bear (Lair:6)
  3 two-headed ogres (Orc:4)
  3 trolls
  10 merfolk
  3 giant leeches (Lair:8)
  24 blink frogs
  5 snapping turtles
  2 water elementals (Shoals:2)
  2 boulder beetles
  5 hogs
  A trapdoor spider (D:10)
  A deep elf mage (D:9)
  29 yaks
  4 basilisks
  2 wyverns
  A steam dragon (Lair:3)
  17 hippogriffs
  A human (D:8)
  22 water moccasins
  4 wargs (Orc:4)
  6 vampire mosquitoes (Lair:8)
  12 wolves
  3 black bears
  8 porcupines
  A necrophage (D:9)
  19 ogres
  A wasp (Lair:6)
  5 ice beasts
  3 phantoms
  3 eyes of draining
  2 sky beasts
  40 orc warriors
  8 centaurs
  23 crocodiles
  30 giant frogs
  A wyvern zombie (D:8)
  A big kobold (D:8)
  5 scorpions
  4 killer bees (D:10)
  3 electric eels (Lair:8)
  5 crimson imps
  2 centaur zombies
  7 hounds
  2 centaur skeletons
  48 orc priests
  2 jellies
  42 orc wizards
  A giant frog skeleton (D:7)
  Jessica (D:3)
  7 worker ants
  6 iguanas
  15 sheep
  2 hound skeletons
  A worker ant zombie (D:7)
  19 adders
  10 gnolls
  94 river rats
  2 shadow imps (D:5)
  8 oozes (Sewer)
  An adder skeleton (D:5)
  9 worms
  358 orcs
  11 ball pythons
  7 bats
  11 goblins
  7 hobgoblins
  11 jackals
  5 kobolds
  12 giant cockroaches
  11 giant geckos
  2 giant gecko zombies
  20 giant newts
  8 quokkas
  A quokka zombie (D:5)
  8 rats
  10 fungi
  11 plants
1243 creatures vanquished.

Vanquished Creatures (collateral kills)
  Rupert (Lair:7)
  A minotaur (Lab)
  An orc sorcerer (Orc:4)
  A warg (Orc:4)
  2 orc warriors (Orc:4)
  An orc wizard (Orc:4)
  14 orcs (Orc:4)
21 creatures vanquished.

Vanquished Creatures (others)
  A water moccasin (Lair:4)
  3 orc wizards (Orc:4)
  An orc (D:10)
  2 bushes (Lair:4)
  29 fungi
  29 plants
65 creatures vanquished.

Grand Total: 1329 creatures vanquished

Notes
Turn   | Place    | Note
--------------------------------------------------------------
     0 | D:1      | MikeDS the Hill Orc Fighter began the quest for the Orb.
     0 | D:1      | Reached XP level 1. HP: 19/19 MP: 1/1
   305 | D:1      | Reached skill level 4 in Fighting
   305 | D:1      | Reached XP level 2. HP: 24/27 MP: 2/2
  1240 | D:2      | Reached XP level 3. HP: 29/34 MP: 3/3
  1851 | D:1      | Reached XP level 4. HP: 21/41 MP: 4/4
  2125 | D:2      | Reached skill level 5 in Fighting
  2365 | D:2      | Found a glowing golden altar of the Shining One.
  2374 | D:2      | Became a worshipper of the Shining One
  2587 | D:2      | Gained mutation: You are dopey. (Int -2) [potion of mutation]
  2587 | D:2      | Gained mutation: Scrolls take you a little longer to read. [potion of mutation]
  2588 | D:2      | Test note
  2861 | D:3      | Reached XP level 5. HP: 46/48 MP: 5/5
  2907 | D:3      | Reached skill level 5 in Axes
  3092 | D:3      | Noticed Jessica
  3101 | D:3      | Killed Jessica
  3186 | D:3      | Found a white marble altar of Elyvilon.
  3630 | D:3      | Reached skill level 15 in Axes
  3630 | D:3      | Reached XP level 6. HP: 57/57 MP: 6/6
  3815 | D:4      | Noticed Loris's ghost (experienced HuHu)
  3964 | D:4      | Reached XP level 7. HP: 30/63 MP: 7/7
  3968 | D:4      | Acquired the Shining One's first power
  4143 | D:4      | Found a glowing drain.
  4159 | Sewer    | Entered a sewer
  4569 | Sewer    | Reached XP level 8. HP: 69/85 MP: 8/8
  4873 | D:5      | Entered Level 5 of the Dungeon
  4995 | D:5      | Reached skill level 1 in Invocations
  4995 | D:5      | Reached XP level 9. HP: 77/92 MP: 9/9
  5070 | D:5      | Found a staircase to the Ecumenical Temple.
  5080 | D:5      | Found a basalt altar of Yredelemnul.
  5246 | D:5      | Found Ykirutut's Distillery.
  5253 | D:5      | Can buy cure mutation on D5
  5582 | D:5      | Acquired the Shining One's second power
  6038 | D:4      | Killed Loris's ghost
  6566 | D:6      | Found a sacrificial altar of Ru.
  6905 | D:6      | Found Juaqan's Armour Boutique.
  7036 | D:6      | Reached skill level 16 in Axes
  7280 | D:6      | Found a blossoming altar of Fedhas.
  7280 | D:6      | Found an ancient bone altar of Kikubaaqudgha.
  7544 | D:7      | Reached XP level 10. HP: 98/100 MP: 12/12
  7573 | D:7      | Reached skill level 1 in Evocations
  7759 | D:7      | Learned a level 1 spell: Summon Small Mammal
  7910 | D:7      | Learned a level 1 spell: Magic Dart
  8608 | D:8      | Found a blossoming altar of Fedhas.
  8608 | D:8      | Noticed Gastronok
  8966 | D:8      | Reached skill level 5 in Armour
  9217 | D:9      | Reached skill level 1 in Spellcasting
  9323 | D:9      | Found Ewniy's Armour Emporium.
 10091 | D:9      | Reached skill level 1 in Conjurations
 10209 | D:9      | Acquired the Shining One's third power
 10229 | D:9      | Found a staircase to the Orcish Mines.
 10284 | Orc:1    | Entered Level 1 of the Orcish Mines
 11040 | Orc:1    | Found an iron altar of Okawaru.
 11110 | D:10     | Entered Level 10 of the Dungeon
 11128 | D:10     | Reached XP level 11. HP: 98/107 MP: 14/14
 11390 | D:5      | Bought a potion of cure mutation for 455 gold pieces
 11391 | D:5      | Lost mutation: Scrolls take you a little longer to read. [potion of cure mutation]
 11391 | D:5      | Lost mutation: You are dopey. (Int -2) [potion of cure mutation]
 11643 | D:10     | Found a staircase to the Lair.
 11658 | D:10     | Noticed Urug
 11683 | D:10     | Reached skill level 5 in Invocations
 12384 | D:10     | Noticed a hill giant
 12774 | D:10     | Killed Urug
 13641 | Lair:1   | Entered Level 1 of the Lair of Beasts
 13801 | Lair:1   | Reached skill level 10 in Armour
 13801 | Lair:1   | Reached XP level 12. HP: 114/116 MP: 15/15
 13996 | Lair:1   | Reached skill level 1 in Bows
 14607 | Lair:2   | Noticed a four-headed hydra
 15396 | Lair:3   | Reached skill level 17 in Axes
 15797 | Lair:3   | Reached XP level 13. HP: 92/123 MP: 16/16
 17109 | Lair:4   | Acquired the Shining One's fourth power
 17327 | Lair:4   | Found a labyrinth entrance.
 17347 | Lab      | Entered a labyrinth
 17593 | Lab      | Noticed a minotaur
 17601 | Lab      | Killed a minotaur
 17734 | Lab      | Got a spiked plate armour
 17745 | Lab      | Identified the +3 plate armour of Guttocs {rF+ rCorr Str-4} (You found it in a labyrinth)
 19033 | Lair:2   | Killed a four-headed hydra
 19033 | Lair:2   | Reached skill level 1 in Maces & Flails
 21543 | Lair:4   | Reached skill level 15 in Fighting
 21686 | Lair:4   | Reached skill level 5 in Maces & Flails
 22417 | Lair:5   | Noticed Kirke
 23039 | Lair:4   | Reached XP level 14. HP: 66/135 MP: 18/18
 23432 | Lair:4   | Noticed a sphinx
 23679 | Lair:6   | Found a staircase to the Shoals.
 24027 | Lair:6   | Found a hole to the Spider Nest.
 27620 | Lair:8   | Entered Level 8 of the Lair of Beasts
 27640 | Lair:8   | Noticed Rupert
 28047 | Lair:7   | HP: 5/137 [spiny frog (2)]
 28051 | Lair:7   | HP: 1/137 [spiny frog (13)]
 29172 | Lair:8   | Reached skill level 18 in Axes
 29501 | Lair:7   | Reached XP level 15. HP: 100/144 MP: 21/21
 32087 | Lair:8   | Paralysed by Rupert for 6 turns
 32099 | Lair:8   | Paralysed by Rupert for 7 turns
 32111 | Lair:8   | Paralysed by Rupert for 4 turns
 32119 | Lair:8   | Paralysed by Rupert for 4 turns
 32143 | Lair:7   | Paralysed by Rupert for 5 turns
 32837 | Lair:8   | Found a glowing golden altar of the Shining One.
 33349 | Lair:8   | Got a fine whip
 33353 | Lair:8   | Identified the cursed +1 whip "Hynut" {freeze, rC+ Str-3 Int+4 Stlth+} (You found it on level 8 of the Lair of Beasts)
 33422 | Lair:7   | Killed Rupert
 33422 | Lair:7   | Reached skill level 10 in Invocations
 33425 | Lair:7   | Got a slimy chain mail
 33426 | Lair:7   | Identified the +2 chain mail "Liufuen" {rN+} (You took it off Rupert on level 7 of the Lair of Beasts)
 33672 | Lair:4   | Killed Kirke
 33985 | Orc:1    | Reached skill level 5 in Bows
 34418 | Orc:2    | Noticed Nergalle
 34481 | Orc:2    | Killed Nergalle
 34947 | Orc:3    | Found a roughly hewn altar of Beogh.
 35187 | Orc:3    | Found a staircase to the Elven Halls.
 35882 | Orc:4    | Entered Level 4 of the Orcish Mines
 36093 | Orc:4    | Found a roughly hewn altar of Beogh.
 36687 | Orc:4    | Found Kur Vothrio's Jewellery Emporium.
 36693 | Orc:4    | Upgraded the game from 0.17-a0-1914-gde4187c to 0.17-a0-1920-gafa4d75
 38546 | Orc:4    | Reached XP level 16. HP: 91/155 MP: 16/24
 38554 | Orc:4    | Found Azaukk's General Store.
 39620 | Orc:4    | Noticed Saint Roka
 39744 | Orc:4    | Killed Saint Roka
 39827 | Orc:4    | Paralysed by an orc sorcerer for 7 turns
 39830 | Orc:4    | Reached skill level 1 in Stealth
 39837 | Orc:4    | Found a roughly hewn altar of Beogh.
 40261 | Orc:4    | Found Ufuthroo's Weapon Emporium.
 41508 | Orc:4    | Reached skill level 19 in Axes
 41910 | Orc:4    | Found Dytram's Weapon Shoppe.
 42037 | Orc:4    | Bought a scroll of amnesia for 42 gold pieces
 42132 | Orc:4    | Bought a +5 ring of strength for 700 gold pieces
 42500 | D:9      | Learned a level 2 spell: Searing Ray
 42527 | Elf:1    | Entered Level 1 of the Elven Halls
 42750 | Shoals:1 | Entered Level 1 of the Shoals
 42882 | Shoals:1 | Found a flickering gateway to a bazaar.
 42923 | Bazaar   | Entered a bazaar
 42945 | Bazaar   | Found Hecis's Gadget Shoppe.
 42970 | Bazaar   | Found Foixtoj's Assorted Antiques.
 43009 | Bazaar   | Found Sorokk's Gadget Emporium.
 43020 | Bazaar   | Found Tithrill's Antique Weapon Shoppe.
 43040 | Bazaar   | Found Vekusikk's Assorted Antiques.
 43045 | Bazaar   | Bought a scroll of identify for 38 gold pieces
 43045 | Bazaar   | Bought a scroll of identify for 38 gold pieces
 43056 | Bazaar   | Bought a scroll labeled LAVUCORPH GOACK for 19 gold pieces
 43056 | Bazaar   | Bought a scroll labeled EFUGON QIMP for 19 gold pieces
 43124 | Bazaar   | Bought the brooch of Shielding {Ward rN+ AC+4 EV+4} for 1223 gold pieces
 44017 | Shoals:2 | Reached skill level 5 in Conjurations
 45637 | Shoals:2 | HP: 2/155 [sea snake (12)]
 45638 | Shoals:2 | Slain by a harpy

Vault maps used:
D:1:      evilmike_arrival_rings, serial_aquarium, aquarium_bridge_square,
          aquarium_bridge_straight, aquarium_window_fake, aquarium_window_fake,
          aquarium_window_fake, aquarium_window_1, aquarium_view_2c,
          aquarium_view_2c, minmay_liquid_box
D:2:      nicolae_tso_swordbearing_angel
D:3:      kennysheep_the_goblin_king, overflow_temple_1_default, first_bread,
          st_stairs_6, kennysheep_jessica_study
D:4:      portal_sewer_entry_b, kennysheep_dice
D:5:      yredelemnul_altar_generic, minmay_temple_entry_statues_pillars,
          serial_shops, shop, kennysheep_generic_room_2
D:6:      grunt_temple_overflow_growth_and_decay, serial_shops, kennysheep_mini,
          basic_altar
D:8:      basic_altar, grunt_livestock, grunt_ministairs_9, uniq_gastronok
D:9:      hiddenorc2_lemuel, serial_shops,
          nicolae_shop_temple_entry_statues_fountains
D:10:     lair_0_dummy, uniq_urug
D:11:     uniq_harold
Lair:1:   beast_lair_carwin_large_1
Lair:3:   grunt_megastairs_2
Lair:4:   serial_forest, infiniplex_forest_corner_2,
          infiniplex_forest_straight_3, infiniplex_forest_clump_curved,
          infiniplex_forest_straight_4, infiniplex_forest_straight_4,
          infiniplex_forest_straight_3, infiniplex_forest_straight_4,
          infiniplex_forest_clump_medium, lab_entry_generic
Lair:5:   serial_bayou_lagoon_a, uniq_kirke, uniq_rupert
Lair:6:   elwin_shoals_entry_rocks, nicolae_spider_entry_non_spiders,
          dpeg_slime_entry_corner, forest_entry_grove
Lair:7:   dragon1_lemuel, serial_bayou_shore_a
Lair:8:   minmay_lair_end_frog_pond, basic_altar
Shoals:1: serial_shops, bzr_in_the_mist
Orc:1:    okawaru_metal_pillars_3
Orc:2:    uniq_nergalle
Orc:3:    nicolae_orc_pool_cavern, mines2_david
Orc:4:    pubby_orc_utopia
Elf:1:    minmay_elf_crystal_hexagon, uniq_nikola
Lab:      labyrinth_hidden_loot
Bazaar:   bazaar_jpeg_circle_rare_2
Sewer:    sewer_frog_island_02

Action                   |  1- 3 |  4- 6 |  7- 9 | 10-12 | 13-15 | 16-18 || total
-------------------------+-------+-------+-------+-------+-------+-------++-------
Melee: War axe           |    96 |   177 |   307 |   680 |   977 |       ||  2237
       Mace              |       |       |       |       |    41 |       ||    41
       Battleaxe         |       |       |       |       |  1076 |   563 ||  1639
 Fire: Shortbow          |       |       |       |     1 |   129 |    72 ||   202
Throw: Stone             |     7 |     5 |     3 |       |       |       ||    15
       Tomahawk          |       |       |       |    42 |    29 |       ||    71
Invok: Divine Shield     |       |       |       |     2 |     2 |     1 ||     5
       Summon Divine War |       |       |       |       |     2 |     1 ||     3
       Cleansing Flame   |       |       |       |       |       |     1 ||     1
Evoke: Wand              |       |       |       |       |     7 |     3 ||    10
  Use: Potion            |     2 |     4 |     2 |     8 |     5 |     3 ||    24
       Scroll            |     2 |     3 |     3 |    11 |    19 |     9 ||    47
  Eat: Chunk             |     3 |     7 |     9 |    10 |    20 |     5 ||    54
       Beef jerky        |       |       |     2 |     2 |     2 |       ||     6
       Meat ration       |       |       |       |     3 |     5 |     2 ||    10
       Fruit             |       |       |       |     1 |     6 |       ||     7
       Bread ration      |       |       |       |       |     4 |       ||     4
       Pizza             |       |       |       |       |     1 |     4 ||     5
       Royal jelly       |       |       |       |       |       |     1 ||     1
